Unix NetHack Version 5.0.0-0 post-release - last build May 10 2026 23:12:36 (d1fa5d53e341ca933230fdaa984d921c805b60aa,branch:main).

Game began 2026-05-16 17:25:39, ended 2026-05-16 17:36:06.

Koku, neutral female gnomish Wizard

                                       -- ----
                                  --- --.--.|.---
                                  |............|.--
                                     ..............-
                                       -............   ----
                                    -......... %....----..--
                                         -......*..a.--....----   --
                                          -.........@. .......--  .----
                                       ------  ---........^....---....---
                                     -.......(...........%.)..)d)..*......-
                                     |  -----------...........------  ..---
                                                 |............--
                                                 -..--.|.|.....----
                                                ...- ------.--....|
                                               ....       ---|....--
                                              -....          --....--
                                              |...            |.....|
                                              -...            |....--
                                              ....            --.---
                                             |.--.             ---
                                             -- --
Koku the Conjurer         St:8 Dx:13 Co:17 In:19 Wi:10 Ch:9  Neutral
Dlvl:4  $:50 HP:0(40) Pw:7(40) AC:7  Xp:4 T:1233 

Latest messages:
 N - an arrow.
 What do you want to drop? [$a-fhik-oq-wyB-N or ?*] N
 You drop an arrow.
 You see here a thonged club.
 O - a thonged club.
 You see here an arrow.
 There are several objects here.
 Hachi bites Slasher.
 Hachi bites Slasher.
 Hachi bites Slasher.
 Slasher is killed!
 Hachi eats a dog corpse named Slasher.
 The fire ant bites!
 The fire ant bites again!
 You're on fire!
 Your potion of restore ability boils and explodes!
 Your black potion boils and explodes!
 Your knees seem more flexible now.
 Call a black potion: speed?
 The fire ant bites!
 The fire ant bites again!
 You avoid harm.
 In what direction? 4
 The fire ant is knocked back!
 In what direction? 4
 The spell misses the fire ant.
 You feel yourself slow down.
 In what direction? 4
 The spell hits the fire ant!
 In what direction? 4
 The fire ant is knocked back!
 What do you want to read? [ik-mtB or ?*] i
 As you read the scroll, it disappears.
 Your hands glow a brilliant red.
 BaeHund's ghost touches you!
 The fire ant bites!
 The fire ant bites again!
 You're on fire!
 In what direction? 4
 The fire ant is knocked back!
 Where do you want to travel to?
 (For instructions type a '?')
 Can't find dungeon feature '<'.
 The fire ant bites!
 You die...
 Do you want your possessions identified? [ynq] (y) y
 Do you want to see your attributes? [ynq] (y) y
 Do you want an account of creatures vanquished? [ynaq] (y) y
 Do you want to see your conduct and achievements? [ynq] (y) y
 Do you want to see the dungeon overview? [ynq] (y) y

Inventory:
 Coins    ('$')
  $ - 50 gold pieces
 Weapons  (')')
  r - 8 +0 elven arrows
  M - a +0 dagger
  O - a +0 aklys
  u - a cursed +0 flail
  a - a blessed +2 quarterstaff (weapon in hands)
  q - a cursed +0 quarterstaff
 Armor    ('[')
  b - an uncursed +2 cloak of magic resistance (being worn)
 Comestibles  ('%')
  F - 3 uncursed food rations
  I - 2 uncursed fortune cookies
  v - 2 uncursed tripe rations
 Scrolls  ('?')
  k - 2 uncursed scrolls of identify
 Spellbooks  ('+')
  t - an uncursed spellbook of charm monster
  B - an uncursed spellbook of create monster
  l - a blessed spellbook of force bolt
  m - an uncursed spellbook of knock
 Potions  ('!')
  J - an uncursed potion of monster detection
  h - an uncursed potion of see invisible
 Rings    ('=')
  d - an uncursed +1 ring of gain constitution
  s - a cursed -1 ring of increase accuracy
  e - an uncursed ring of teleport control
 Wands    ('/')
  c - a wand of opening (0:5)
 Tools    ('(')
  o - an uncursed blindfold
  n - a magic marker (0:21)
  E - an uncursed tin opener
  K - an uncursed tin whistle
 Gems/Stones  ('*')
  C - an uncursed jet stone
  L - an uncursed worthless piece of black glass
  y - an uncursed worthless piece of blue glass
  H - an uncursed worthless piece of green glass
  G - an uncursed worthless piece of orange glass
  D - an uncursed worthless piece of white glass

Koku the Wizard's attributes:

Background:
 You were a Conjurer, a level 4 female gnomish Wizard.
 You were neutral, nominally on a mission for Thoth
 who was opposed by Ptah (lawful) and Anhur (chaotic).
 You were right-handed.
 You were in the Gnomish Mines, on level 4.
 You entered the dungeon 1233 turns ago.
 There was a new moon in effect when your adventure ended.
 You had 88 experience points, 72 more were needed to attain level 5.

Basics:
 You had 0 out of 40 hit points.
 You had 7 out of 40 energy points (spell power).
 Your armor class was 7.
 Your wallet contained 50 zorkmids.
 Autopickup was off.

Final Characteristics:
 Your strength was 8 (limit:18/50).
 Your dexterity was 13 (limit:18).
 Your constitution was 17 (limit:18).
 Your intelligence was 19 (limit:19).
 Your wisdom was 10 (limit:18).
 Your charisma was 9 (limit:18).

Final Status:
 You weren't hungry.
 You were unencumbered.
 You were wielding a quarterstaff.
 You had basic skill with quarterstaff.

Final Attributes:
 You were devoutly aligned.
 You were magic-protected.
 You were telepathic.
 You had infravision.
 You would have confused monsters when hitting them.
 You were warded.
 You are dead.

Miscellaneous:
 You encountered 1 bones level.
 Total elapsed playing time was 10 minutes and 26 seconds.

Major events:
 Turn
    1: Koku the neutral female gnomish Wizard entered the dungeon
  855: attained the rank of Conjurer (level 3)
  995: entered the Gnomish Mines
 1233: killed by a fire ant

Spells:
 Name                 Level Category     Fail Retention
 force bolt             1   attack         0%  91%-100%
 knock                  1   matter         0%  76%-100%
 create monster         2   clerical      35%  76%-100%
 charm monster          5   enchantment   85%  91%-100%

Skills:
 Fighting Skills
   bare handed combat [Unskilled]
   riding             [Unskilled]
 Weapon Skills
   dagger             [Unskilled]
   knife              [Unskilled]
   axe                [Unskilled]
   short sword        [Unskilled]
   club               [Unskilled]
   mace               [Unskilled]
   quarterstaff       [Basic]
   polearms           [Unskilled]
   spear              [Unskilled]
   trident            [Unskilled]
   sling              [Unskilled]
   dart               [Unskilled]
   shuriken           [Unskilled]
 Spellcasting Skills
   attack spells      [Basic]
   healing spells     [Unskilled]
   divination spells  [Unskilled]
   enchantment spells [Basic]
   clerical spells    [Unskilled]
   escape spells      [Unskilled]
   matter spells      [Unskilled]

Voluntary challenges:
 Character rerolling was not enabled.
 You were an atheist.
 You never genocided any monsters.
 You never polymorphed an object.
 You never changed form.
 You used no wishes.
Achievements:
 You attained the rank of Conjurer.
 You entered the Gnomish Mines.

 The Dungeons of Doom: levels 1 to 3
    Level 1: "why are there so many damn zombies?!"
    Level 2:
       Stairs down to The Gnomish Mines.
    Level 3:
 The Gnomish Mines: levels 3 to 4
    Level 3:
    Level 4: <- You were here.
       Some graves.
       Final resting place for
          you, killed by a fire ant,
          BaeHund-Cav-Gno-Fem-Neu, killed by a fire ant,
          Gary-Sam-Hum-Mal-Law, killed by a fire ant.


Vanquished creatures:
  a dog
  a floating eye
  a kitten
  a kobold leader
  6 orc zombies
  6 dwarf zombies
  a werejackal
 an iguana
  3 manes
  8 gnome zombies
  a gecko
  3 jackals
  a fox
  5 grid bugs
  2 lichens
 10 kobold zombies
  4 newts
55 creatures vanquished.

No species were genocided or became extinct.

Game over:
                       ----------
                      /          \
                     /    REST    \
                    /      IN      \
                   /     PEACE      \
                  /                  \
                  |       Koku       |
                  |      50 Au       |
                  | killed by a fire |
                  |       ant        |
                  |                  |
                  |                  |
                  |       2026       |
                 *|     *  *  *      | *
        _________)/\\_//(\/(/\)/\//\/|_)_______

Goodbye Koku the Wizard...

You died in The Gnomish Mines on dungeon level 4 with 547 points,
and 50 pieces of gold, after 1233 moves.
You were level 4 with a maximum of 40 hit points when you died.

